MLB
HOUSTON ASTROS @ LOS ANGELES ANGELS
08/18/2099
 
TOP OF THE 1ST
Houston Astros batting - Pitching for Los Angeles Angels : RHP Matt Yaryan
Pitching: RHP Matt Yaryan
Batting: RHB Del Bannerman 0-0: Foul Ball, location: 7LSF
0-1: Ball
1-1: Foul Ball, location: 9LSF
1-2: Foul Ball, location: 2F
1-2: Strikes out swinging
Batting: RHB Bret Payne 0-0: Swinging Strike
0-1: Called Strike
0-2: Ball
1-2: Strikes out swinging
Batting: RHB Jeff Cinnamon 0-0: Ball
1-0: Ball
2-0: Ball
3-0: Fly out, F7 (Flyball, 7, EV 86.3 MPH)
Top of the 1st over - 0 runs, 0 hits, 0 errors, 0 left on base; Houston 0 - Los Angeles 0
BOTTOM OF THE 1ST
Los Angeles Angels batting - Pitching for Houston Astros : RHP Ron Lord
Pitching: RHP Ron Lord
Batting: RHB Matthew Allen 0-0: Ball
1-0: Ball
2-0: Fly out, F9 (Flyball, 89M, EV 83.1 MPH)
Batting: LHB Esteban Castro 0-0: Fly out, F8 (Flyball, 8LXD, EV 107.5 MPH)
Batting: RHB Jimmy Powell 0-0: Fly out, F8 (Line Drive, 8RM, EV 86.3 MPH)
Bottom of the 1st over - 0 runs, 0 hits, 0 errors, 0 left on base; Houston 0 - Los Angeles 0
TOP OF THE 2ND
Houston Astros batting - Pitching for Los Angeles Angels : RHP Matt Yaryan
Batting: LHB Eddy Miramontes 0-0: Called Strike
0-1: Ball
1-1: Ball
2-1: Foul Ball, location: 9LMF
2-2: Ball
3-2: Strikes out swinging
Batting: LHB Alex Perez 0-0: Called Strike
0-1: Called Strike
0-2: Ball
1-2: Ball
2-2: Strikes out swinging
Batting: RHB Frank Kelsay 0-0: Called Strike
0-1: Foul Ball, location: 25F
0-2: Strikes out looking
Top of the 2nd over - 0 runs, 0 hits, 0 errors, 0 left on base; Houston 0 - Los Angeles 0
BOTTOM OF THE 2ND
Los Angeles Angels batting - Pitching for Houston Astros : RHP Ron Lord
Batting: LHB Matt Evans 0-0: Ball
1-0: Foul Ball, location: 9LMF
1-1: Called Strike
1-2: Foul Ball, location: 7LSF
1-2: Fly out, F9 (Flyball, 89S, EV 92.5 MPH)
Batting: RHB Jose Orozco 0-0: Ball
1-0: Ball
2-0: Foul Ball, location: 2F
2-1: Called Strike
2-2: Foul Ball, location: 5DF
2-2: Foul Ball, location: 23FF
2-2: Fly out, F9 (Flyball, 9, EV 93.1 MPH)
Batting: LHB Carlos Parez 0-0: Swinging Strike
0-1: Called Strike
0-2: Ball
1-2: Strikes out swinging
Bottom of the 2nd over - 0 runs, 0 hits, 0 errors, 0 left on base; Houston 0 - Los Angeles 0
TOP OF THE 3RD
Houston Astros batting - Pitching for Los Angeles Angels : RHP Matt Yaryan
Batting: RHB Justin Haug 0-0: Ball
1-0: Called Strike
1-1: Swinging Strike
1-2: Strikes out swinging
Batting: LHB Bobby Johnson 0-0: SINGLE (Groundball, 4M, EV 101.3 MPH)
Batting: RHB Manchu Hu 0-0: Ball
1-0: Ball
2-0: Ball
3-0: Base on Balls
Bobby Johnson to second
Batting: RHB Del Bannerman 0-0: Called Strike
0-1: SINGLE (Line Drive, 56D, EV 94.4 MPH)
Bobby Johnson to third
Manchu Hu to second
Runner from 3rd tries for Home, SAFE, throw by LF to home
Batting: RHB Bret Payne 0-0: Called Strike
0-1: Foul Ball, location: 2F
0-2: Ball
1-2: Fielders Choice at 2nd, 6-4 (Groundball, 6, EV 91.3 MPH)
Manchu Hu to third
Batting: RHB Jeff Cinnamon 0-0: Foul Ball, location: 9LSF
0-1: Swinging Strike
0-2: Foul Ball, location: 2F
0-2: Ball
1-2: Foul Ball, location: 23F
1-2: Ball
2-2: Fielders Choice at 2nd, 6-4 (Groundball, 6, EV 86.3 MPH)
Top of the 3rd over - 1 run, 2 hits, 0 errors, 2 left on base; Houston 1 - Los Angeles 0
BOTTOM OF THE 3RD
Los Angeles Angels batting - Pitching for Houston Astros : RHP Ron Lord
Batting: LHB Jim Matthews 0-0: Ball
1-0: Ball
2-0: Called Strike
2-1: Foul Ball, location: 2F
2-2: Strikes out swinging
Batting: RHB Fethi Yazîcîzâde 0-0: Called Strike
0-1: Foul Ball, location: 2F
0-2: Foul Ball, location: 5SF
0-2: Ball
1-2: Strikes out swinging
Batting: SHB Justin Williams 0-0: Ball
1-0: Ball
2-0: Ball
3-0: Base on Balls
Batting: RHB Matthew Allen 0-0: Ball
1-0: Ball
2-0: Called Strike
2-1: Ball
3-1: Swinging Strike
3-2: Base on Balls
Justin Williams to second
Batting: LHB Esteban Castro 0-0: Called Strike
0-1: Ball
1-1: SINGLE (Line Drive, 7LM, EV 103.1 MPH)
Justin Williams to third
Matthew Allen to second
Runner from 3rd tries for Home, SAFE, throw by LF to home
Batting: RHB Jimmy Powell 0-0: Ball
1-0: Foul Ball, location: 5FF
1-1: Ball
2-1: Fielders Choice at 2nd, 6-4 (Groundball, 6, EV 99.4 MPH)
Bottom of the 3rd over - 1 run, 1 hit, 0 errors, 2 left on base; Houston 1 - Los Angeles 1
TOP OF THE 4TH
Houston Astros batting - Pitching for Los Angeles Angels : RHP Matt Yaryan
Batting: LHB Eddy Miramontes 0-0: Ball
1-0: Ball
2-0: Ball
3-0: Swinging Strike
3-1: Foul Ball, location: 5F
3-2: Fly out, F7 (Flyball, 78M, EV 93.8 MPH)
Batting: LHB Alex Perez 0-0: Called Strike
0-1: Ball
1-1: Swinging Strike
1-2: Fly out, F9 (Flyball, 89S, EV 85.0 MPH)
Batting: RHB Frank Kelsay 0-0: Called Strike
0-1: Ball
1-1: Ground out 4-3 (Groundball, 4, EV 81.3 MPH)
Top of the 4th over - 0 runs, 0 hits, 0 errors, 0 left on base; Houston 1 - Los Angeles 1
BOTTOM OF THE 4TH
Los Angeles Angels batting - Pitching for Houston Astros : RHP Ron Lord
Batting: LHB Matt Evans 0-0: Foul Ball, location: 2F
0-1: Foul Ball, location: 3F
0-2: Foul Ball, location: 2F
0-2: Ball
1-2: Ball
2-2: Foul Ball, location: 9LMF
2-2: Foul Ball, location: 2F
2-2: Ball
3-2: Fly out, F5 (Popup, 5SF, EV 79.4 MPH)
Batting: RHB Jose Orozco 0-0: Ball
1-0: Called Strike
1-1: Ball
2-1: SINGLE (Line Drive, 4MD, EV 100.0 MPH)
Batting: LHB Carlos Parez 0-0: Ball
1-0: Ball
Jose Orozco is caught stealing 2nd base 2-6
2-0: Ball
3-0: Called Strike
3-1: Ground out 4-3 (Groundball, 4, EV 85.6 MPH)
Bottom of the 4th over - 0 runs, 1 hit, 0 errors, 0 left on base; Houston 1 - Los Angeles 1
TOP OF THE 5TH
Houston Astros batting - Pitching for Los Angeles Angels : RHP Matt Yaryan
Batting: RHB Justin Haug 0-0: Foul Ball, location: 2F
0-1: Swinging Strike
0-2: Strikes out swinging
Batting: LHB Bobby Johnson 0-0: Ball
1-0: Single, Error in OF, E8, batter to second base (Groundball, 6MD, EV 106.3 MPH)
Batting: RHB Manchu Hu 0-0: Ball
1-0: Ball
2-0: Called Strike
2-1: Foul Ball, location: 23F
2-2: Foul Ball, location: 9LDF
2-2: Ball
3-2: Ground out 5-3 (Groundball, 5, EV 91.9 MPH)
Batting: RHB Del Bannerman 0-0: Called Strike
0-1: Ground out 5-3 (Groundball, 5, EV 77.5 MPH)
Top of the 5th over - 0 runs, 1 hit, 1 error, 1 left on base; Houston 1 - Los Angeles 1
BOTTOM OF THE 5TH
Los Angeles Angels batting - Pitching for Houston Astros : RHP Ron Lord
Batting: LHB Jim Matthews 0-0: Swinging Strike
0-1: Ball
1-1: Swinging Strike
1-2: Strikes out swinging
Batting: RHB Fethi Yazîcîzâde 0-0: Foul Ball, location: 2F
0-1: Foul Ball, location: 2F
0-2: Ball
1-2: Ball
2-2: Ground out U3 (Groundball, 3S, EV 85.6 MPH)
Batting: SHB Justin Williams 0-0: Ball
1-0: Ball
2-0: Called Strike
2-1: Swinging Strike
2-2: Ball
3-2: Foul Ball, location: 2F
3-2: Ground out 5-3 (Groundball, 56, EV 103.1 MPH)
Bottom of the 5th over - 0 runs, 0 hits, 0 errors, 0 left on base; Houston 1 - Los Angeles 1
TOP OF THE 6TH
Houston Astros batting - Pitching for Los Angeles Angels : RHP Matt Yaryan
Batting: RHB Bret Payne 0-0: Called Strike
0-1: Ball
1-1: Ball
2-1: Foul Ball, location: 2F
2-2: Strikes out looking
Batting: RHB Jeff Cinnamon 0-0: Foul Ball, location: 5F
0-1: Swinging Strike
0-2: Strikes out looking
Batting: LHB Eddy Miramontes 0-0: Ball
1-0: SINGLE (Line Drive, 5D, EV 106.9 MPH)
Batting: LHB Alex Perez 0-0: Called Strike
0-1: Ball
1-1: Called Strike
1-2: Foul Ball, location: 9LSF
1-2: Ball
2-2: Fly out, F4 (Popup, 4, EV 65.6 MPH)
Top of the 6th over - 0 runs, 1 hit, 0 errors, 1 left on base; Houston 1 - Los Angeles 1
BOTTOM OF THE 6TH
Los Angeles Angels batting - Pitching for Houston Astros : RHP Ron Lord
Pitching: RHP Graham Burch
Batting: RHB Matthew Allen 0-0: Foul Ball, location: 2F
0-1: Foul Ball, location: 2F
0-2: Ball
1-2: Strikes out swinging
Batting: LHB Esteban Castro 0-0: Swinging Strike
0-1: Foul Ball, location: 23F
0-2: Ball
1-2: Strikes out swinging
Batting: RHB Jimmy Powell 0-0: Foul Ball, location: 7LSFF
0-1: Ball
1-1: Fly out, F6 (Popup, 6M, EV 63.8 MPH)
Bottom of the 6th over - 0 runs, 0 hits, 0 errors, 0 left on base; Houston 1 - Los Angeles 1
TOP OF THE 7TH
Houston Astros batting - Pitching for Los Angeles Angels : RHP Matt Yaryan
Batting: RHB Frank Kelsay 0-0: Called Strike
0-1: Ground out 6-3 (Groundball, 6, EV 82.5 MPH)
Batting: RHB Justin Haug 0-0: Ball
1-0: Swinging Strike
1-1: Swinging Strike
1-2: Foul Ball, location: 2F
1-2: Strikes out swinging
Batting: LHB Bobby Johnson 0-0: Called Strike
0-1: Ball
1-1: Fly out, F9 (Flyball, 89M, EV 96.9 MPH)
Top of the 7th over - 0 runs, 0 hits, 0 errors, 0 left on base; Houston 1 - Los Angeles 1
BOTTOM OF THE 7TH
Los Angeles Angels batting - Pitching for Houston Astros : RHP Graham Burch
Batting: LHB Matt Evans 0-0: Ball
1-0: Ball
2-0: Fly out, F4 (Popup, 4MD, EV 68.8 MPH)
Batting: RHB Jose Orozco 0-0: Ball
1-0: Fly out, F7 (Flyball, 7, EV 81.3 MPH)
Batting: LHB Carlos Parez 0-0: Ball
1-0: Called Strike
1-1: Called Strike
1-2: SINGLE (Groundball, 4MD, EV 98.8 MPH)
Batting: LHB Jim Matthews 0-0: SINGLE (Line Drive, 4MD, EV 95.0 MPH)
Carlos Parez to second
Runner from 2nd tries for 3rd, SAFE, no throw by CF
Batting: RHB Fethi Yazîcîzâde 0-0: Called Strike
0-1: Ball
1-1: Ball
2-1: Foul Ball, location: 9LDF
2-2: Ball
3-2: SINGLE (Groundball, 6MD, EV 101.3 MPH)
Carlos Parez scores
Jim Matthews to second
Jim Matthews to third
Pitching: RHP Emanuel Calleya
Batting: SHB Justin Williams 0-0: Ball
1-0: Ball
2-0: Called Strike
2-1: Foul Ball, location: 3F
2-2: Foul Ball, location: 23FF
2-2: Fly out, F7 (Flyball, 78S, EV 90.0 MPH)
Bottom of the 7th over - 1 run, 3 hits, 0 errors, 2 left on base; Houston 1 - Los Angeles 2
TOP OF THE 8TH
Houston Astros batting - Pitching for Los Angeles Angels : RHP Matt Yaryan
Now at 1B: Esteban Castro
Now in LF: Matthew Allen
Now in CF: Ken Calhoun
Batting: RHB Manchu Hu 0-0: Fly out, F8 (Flyball, 8RXD, EV 111.3 MPH)
Batting: RHB Del Bannerman 0-0: Ball
1-0: Fly out, F7 (Flyball, 7, EV 82.5 MPH)
Batting: RHB Bret Payne 0-0: Called Strike
0-1: Called Strike
0-2: Ball
1-2: Ball
2-2: Foul Ball, location: 9LSFF
2-2: DOUBLE (Flyball, 8RD, EV 104.4 MPH)
Pitching: RHP Kevin Kulik
Batting: RHB Jeff Cinnamon 0-0: Foul Ball, location: 2F
0-1: Foul Ball, location: 5SF
0-2: Strikes out swinging
Top of the 8th over - 0 runs, 1 hit, 0 errors, 1 left on base; Houston 1 - Los Angeles 2
BOTTOM OF THE 8TH
Los Angeles Angels batting - Pitching for Houston Astros : RHP Emanuel Calleya
Batting: RHB Matthew Allen 0-0: Ball
1-0: Swinging Strike
1-1: Fly out, F7 (Flyball, 7D, EV 110.0 MPH)
Batting: LHB Esteban Castro 0-0: Ball
1-0: Called Strike
1-1: Ball
2-1: SINGLE (Line Drive, 89S, EV 87.5 MPH)
Batting: RHB Jimmy Powell 0-0: Ball
1-0: Foul Ball, location: 25F
1-1: Ground out 5-3 (Groundball, 56S, EV 65.6 MPH)
Esteban Castro to second
Batting: LHB Ken Calhoun 0-0: Ball
1-0: Ground out 4-3 (Groundball, 34, EV 84.4 MPH)
Bottom of the 8th over - 0 runs, 1 hit, 0 errors, 1 left on base; Houston 1 - Los Angeles 2
TOP OF THE 9TH
Houston Astros batting - Pitching for Los Angeles Angels : RHP Kevin Kulik
Batting: LHB Eddy Miramontes 0-0: Foul Ball, location: 2F
0-1: Ball
1-1: Called Strike
1-2: Foul Ball, location: 9LSF
1-2: Ball
2-2: Ball
3-2: SINGLE (Line Drive, 7S, EV 95.6 MPH)
Batting: LHB Alex Perez 0-0: Foul Ball, location: 2F
0-1: Ball
1-1: Ball
2-1: Swinging Strike
2-2: Foul Ball, location: 5F
2-2: Strikes out swinging
Batting: RHB Frank Kelsay 0-0: Ball
1-0: Foul Ball, location: 2F
1-1: Ball
2-1: Foul Ball, location: 25F
2-2: Strikes out swinging
Pinch Hitting: LHB Mike Palmer 0-0: Ball
1-0: Foul Ball, location: 25F
1-1: Foul Ball, location: 2F
1-2: Ball
2-2: Ball
3-2: Fly out, F7 (Flyball, 7D, EV 98.1 MPH)
Top of the 9th over - 0 runs, 1 hit, 0 errors, 1 left on base; Houston 1 - Los Angeles 2
Wednesday, May 15th , 2024 - OOTP Baseball 24.11 Build 85